 Dungeon Crawl Stone Soup version 0.29-a0-1008-g949cc1d0fb (webtiles) character file.

Game seed: 17760755240148750065

21357 Conn the Arsonist (level 12, -2/72 HPs)
             Began as an Octopode Fire Elementalist on Aug 7, 2022.
             Was a Believer of Sif Muna.
             Slain by a torpor snail (23 damage)
             ... on level 3 of the Lair of Beasts.
             The game lasted 00:58:08 (18153 turns).

Conn the Arsonist (Octopode Fire Elementalist)     Turns: 18153, Time: 00:58:10

Health: -2/72      AC:  1    Str:  8    XL:     12   Next: 89%
Magic:  10/27      EV: 18    Int: 33    God:    Sif Muna [**....]
Gold:   500        SH:  0    Dex: 13    Spells: 18/34 levels left

rFire   . . .      SeeInvis .   H - +12 glaive of Prune {vorpal}
rCold   . . .      Faith    +   (shield currently unavailable)
rNeg    . . .      Spirit   .   w - +0 hat {Will+}
rPois   +          Reflect  .   z - amulet of faith
rElec   .          Harm     .   q - +4 ring of evasion
rCorr   .          Rampage  .   d - +6 ring of intelligence
Will    ++...      Archmagi +   A - +6 ring of intelligence
Stlth   +++++.....              O - ring of willpower
HPRegen 0.22/turn               I - ring of the Mage {Wiz Archmagi}
MPRegen 0.20/turn               M - ring of poison resistance
                                (no ring)
                                (no ring)

@: slowed, very slow
A: almost no armour, amphibious, 8 rings, camouflage 1, gelatinous body 1,
(nimble swimmer 1), tentacles
a: Renounce Religion, Channel Magic


You were on level 3 of the Lair of Beasts.
You worshipped Sif Muna.
Sif Muna was pleased with you.
You visited 3 branches of the dungeon, and saw 15 of its levels.
You also visited: Bailey.

You collected 1281 gold pieces.
You spent 781 gold pieces at shops.

Inventory:

Hand Weapons
 b - a +0 dagger
 n - a +5 short sword of venom
 H - the +12 glaive of Prune (weapon) {vorpal}
   (You found it in a bailey)

   It inflicts extra damage upon your enemies.
   It halves damage taken while paralysed, petrified or unconscious.
Missiles
 h - 13 curare-tipped darts (quivered)
Armour
 i - a +1 buckler
 w - a +0 hat of willpower (worn)
 G - a +2 buckler of protection
Jewellery
 d - a +6 ring of intelligence (right tentacle)
 q - a +4 ring of evasion (left tentacle)
 z - an amulet of faith (around mantle)
 A - a +6 ring of intelligence (on tentacle)
 I - the ring of the Mage (on tentacle) {Wiz Archmagi}
   (You bought it in a shop on level 7 of the Dungeon)

   [ring of wizardry]

   It improves your spell success rate.
   Archmagi:  It increases the power of your magical spells.
 M - a ring of poison resistance (on tentacle)
 O - a ring of willpower (on tentacle)
Wands
 a - a wand of flame (14)
 e - a wand of acid (6)
 v - a wand of charming (8)
 y - a wand of polymorph (7)
 J - a wand of iceblast (19)
 K - a wand of digging (13)
Scrolls
 c - 3 scrolls of vulnerability
 g - 2 scrolls of teleportation
 p - a scroll of enchant armour
 t - 4 scrolls of fog
 u - 5 scrolls of immolation
 x - a scroll of torment
 C - a scroll of magic mapping
 P - 3 scrolls of amnesia
Potions
 f - a potion of heal wounds
 j - 2 potions of resistance
 k - a potion of ambrosia
 l - 6 potions of mutation
 m - 7 potions of curing
 o - 5 potions of haste
 r - 4 potions of brilliance
 s - 4 potions of invisibility
 B - a potion of lignification
 D - a potion of magic
 N - 3 potions of might
Miscellaneous
 L - a lightning rod (4/4)


   Skills:
 + Level 3.2 Fighting
 + Level 2.6 Short Blades
 + Level 1.4 Polearms
 + Level 0.3 Throwing
 + Level 4.0 Dodging
 + Level 7.4 Stealth
 + Level 11.8 Spellcasting
 + Level 7.6 Conjurations
 + Level 2.8 Hexes
 + Level 11.9 Fire Magic
 * Level 3.7 Air Magic
 * Level 4.0 Invocations
 + Level 0.2 Evocations


You had 18 spell levels left.
You knew the following spells:

 Your Spells              Type           Power      Damage    Failure   Level
a - Foxfire               Conj/Fire      100%       2x1d9     1%          1
b - Conjure Flame         Conj/Fire      90%        6-21      1%          3
c - Inner Flame           Hex/Fire       80%        N/A       1%          3
d - Flame Wave            Conj/Fire      90%        2d19      1%          4
e - Scorch                Fire           100%       2d10      1%          2
f - Swiftness             Air            61%        N/A       1%          3

Your spell library contained the following spells:

 Spells                   Type           Power      Damage    Failure   Level
 Ensorcelled Hibernation  Hex/Ice        86%        N/A       1%          2
 Passwall                 Tmut/Erth      24%        N/A       1%          2


Dungeon Overview and Level Annotations

Branches:
Dungeon (11/15)            Temple (1/1) D:5            Lair (3/5) D:8
 Shoals (0/4) Lair:3       Spider (0/4) Lair:2       Bailey (visited)
    Orc: D:9-12

Altars:
Ashenzari
Cheibriados
Dithmenos
Elyvilon
Fedhas
Gozag
Hepliaklqana
Kikubaaqudgha
Makhleb
Nemelex Xobeh
Okawaru
Qazlal
Ru
Sif Muna
Trog
Uskayaw
Vehumet
Wu Jian
Xom
Yredelemnul
Zin
The Shining One

Shops:
D:7 =:=[

Annotations:
D:10 2 runed translucent doors


Innate Abilities, Weirdness & Mutations

You cannot wear most types of armour.
You are amphibious.
You can wear up to eight rings at the same time.
Your skin changes colour to match your surroundings (Stealth+).
Your rubbery body absorbs attacks. (AC +1, EV +1)
((You are camouflaged when in or above water. (Stealth+)))
You have tentacles for arms and can constrict up to eight enemies at once.


Message History

The flame wave engulfs the cane toad!!
The cane toad is burned terribly!
You kill the cane toad!
Sif Muna accepts your kill. (Press . to intensify the flame waves.)
You hear a howl! x2
A wolf comes into view.
A wave of flame ripples out!
The flame wave engulfs the torpor snail!!
The torpor snail is moderately wounded.
You hear a howl!
Unknown command.
Unknown command.
Unknown command.
Unknown command.
Casting: Flame Wave (safe; 1% risk of failure)
Confirm with . or Enter, or press ? or * to list all spells.
You feel a surge of power!
Flames lash the torpor snail.
The torpor snail is heavily wounded.
The torpor snail's fire resistance burns away.
The torpor snail closely misses you. The torpor snail bites you!
* * * LOW HITPOINT WARNING * * *
You feel much better. The wolf completely misses you. The wolf bites you.
A wolf comes into view.
The torpor snail bites you!!
* * * LOW HITPOINT WARNING * * *
Casting: Scorch (safe; 1% risk of failure)
Confirm with . or Enter, or press ? or * to list all spells.
Casting: Flame Wave (safe; 1% risk of failure)
Press: ? - help, Dir - look around, f - activate You feel a surge of power!
A wave of flame ripples out!
The flame wave engulfs the wolf!!
You kill the wolf!
Sif Muna accepts your kill.
The flame wave engulfs the torpor snail!!
The torpor snail is burned terribly!
The torpor snail is severely wounded. (Press . to intensify the flame waves.)
A wolf comes into view.
The torpor snail bites you!!
You die...

####### #.P.#.#####
#.......... #..........
#.......... #...### . ##
####P....## ...
..######.........##.h..#
................@....#
...............†w......#
.......................#
.......................#
.###....#...............
# #.....P....+#.......#.
####....P......##.....#.
..##.>.....+.♣..##...#..
.###....####......#.....


You could see a torpor snail (combustible) and a wolf.

Vanquished Creatures
  Gastronok (Lair:2)
  A hydra (D:8)
  A two-headed ogre (D:8)
  A death yak (Lair:2)
  Nergalle (Lair:2)
  An orc knight (Bailey)
  A cyclops (D:11)
  2 black mambas
  7 cane toads
  An unseen horror (D:10)
  A rime drake (Lair:1)
  4 komodo dragons
  A troll (D:7)
  A polar bear (Lair:2)
  A wind drake (Lair:3)
  12 blink frogs
  A dream sheep (D:8)
  A jumping spider (Lair:2)
  2 culicivoras (Lair:2)
  20 yaks
  Sigmund (D:3)
  A vampire (D:11)
  2 wyverns
  Eustachio (D:6)
  2 basilisks (Lair:2)
  3 steam dragons
  A redback (Lair:2)
  3 wargs (D:8)
  3 acid dragons
  7 water moccasins
  2 black bears
  3 orc warriors (Bailey)
  An ogre (D:5)
  A wolf (Lair:3)
  3 centaurs
  2 phantoms
  10 kobold brigands
  4 bullfrogs
  4 scorpions
  8 howler monkeys
  3 electric eels
  2 orc priests (D:4)
  2 hounds
  3 jellies
  6 iguanas
  Jessica (D:3)
  A gnoll bouda (D:9)
  Ijyb (D:5)
  Natasha (twice) (D:3)
  6 orc wizards
  9 adders
  7 gnolls
  A shadow imp (D:6)
  2 ufetubi
  2 worms
  19 orcs
  5 ball pythons
  3 endoplasms
  2 giant cockroaches
  7 goblins
  4 hobgoblins
  2 quokkas
  3 bats (D:3)
  2 frilled lizards (D:2)
  23 kobolds
  4 rats (D:3)
245 creatures vanquished.

Vanquished Creatures (collateral kills)
  A dream sheep (D:8)
  2 kobold brigands (D:8)
  32 foxfires
35 creatures vanquished.

Vanquished Creatures (others)
  772 foxfires
  14 fungi
  41 plants
827 creatures vanquished.

Grand Total: 1107 creatures vanquished

Notes
Turn   | Place    | Note
-------+----------+-------------------------------------------
     0 | D:1      | Conn the Octopode Fire Elementalist began the quest for the
                  | Orb.
     0 | D:1      | Reached XP level 1. HP: 11/11 MP: 3/3
   800 | D:1      | Reached XP level 2. HP: 17/17 MP: 0/5
  1692 | D:2      | Found a faded altar of an unknown god.
  2024 | D:3      | Noticed Sigmund
  2034 | D:3      | Learned a level 2 spell: Scorch
  2050 | D:3      | Noticed Natasha
  2343 | D:3      | Killed Sigmund
  2344 | D:3      | Reached XP level 3. HP: 21/21 MP: 0/7
  2344 | D:3      | Reached XP level 4. HP: 27/27 MP: 0/8
  2344 | D:3      | Reached XP level 5. HP: 31/31 MP: 0/9
  2714 | D:3      | Noticed Jessica
  2718 | D:3      | Killed Jessica
  2915 | D:3      | Killed Natasha
  2916 | D:3      | Reached XP level 6. HP: 36/36 MP: 10/10
  3217 | D:3      | Noticed Natasha
  3221 | D:3      | Killed Natasha
  3420 | D:4      | Reached skill level 5 in Stealth
  3508 | D:4      | Learned a level 3 spell: Conjure Flame
  3512 | D:4      | Learned a level 3 spell: Inner Flame
  3658 | D:4      | Reached XP level 7. HP: 42/42 MP: 8/12
  4774 | D:5      | Entered Level 5 of the Dungeon
  4779 | D:5      | Reached skill level 5 in Fire Magic
  4846 | D:4      | Reached skill level 1 in Fighting
  4979 | D:5      | Learned a level 4 spell: Flame Wave
  5024 | D:5      | Reached skill level 1 in Short Blades
  5024 | D:5      | Reached XP level 8. HP: 44/48 MP: 5/15
  5284 | D:5      | Reached skill level 5 in Spellcasting
  5496 | D:5      | Noticed Ijyb
  5504 | D:5      | Killed Ijyb
  5689 | D:5      | Found a staircase to the Ecumenical Temple.
  5695 | Temple   | Entered the Ecumenical Temple
  6305 | D:6      | Noticed Eustachio
  6309 | D:6      | Killed Eustachio
  6378 | D:6      | Noticed a wyvern
  6384 | D:6      | Killed a wyvern
  6385 | D:6      | Reached XP level 9. HP: 54/54 MP: 9/18
  6549 | D:6      | Found a blossoming altar of Fedhas.
  6723 | D:7      | You fall into a shaft and drop 1 floor!
  7060 | D:7      | Reached skill level 1 in Hexes
  7162 | D:7      | Found a shadowy altar of Dithmenos.
  7197 | D:7      | Noticed a troll
  7201 | D:7      | Killed a troll
  7265 | D:7      | Found an opulent altar of Gozag.
  7338 | D:7      | Found Joheom's Jewellery Shoppe.
  7346 | D:7      | Found Kinuec's Book Shop.
  7346 | D:7      | Found Katrysao's Jewellery Boutique.
  7580 | D:7      | Found Varineach's Armour Emporium.
  7906 | D:8      | Found a staircase to the Lair.
  8165 | D:8      | Reached XP level 10. HP: 58/61 MP: 10/21
  8383 | D:8      | Noticed a three-headed hydra
  8393 | D:8      | Killed a three-headed hydra
  8394 | D:8      | Reached skill level 5 in Conjurations
  8726 | D:8      | Noticed a two-headed ogre
  8736 | D:8      | Killed a two-headed ogre
  9370 | D:9      | Found a flagged portal.
  9387 | Bailey   | Entered a bailey
  9616 | Bailey   | Found the +12 glaive of Prune {vorpal}
  9616 | Bailey   | Noticed an orc knight
  9627 | Bailey   | Killed an orc knight
  9628 | Bailey   | Reached XP level 11. HP: 46/65 MP: 11/24
  9863 | Bailey   | Found an iron altar of Okawaru.
 10263 | D:9      | Found a sacrificial altar of Ru.
 10263 | D:9      | Found a shimmering blue altar of Sif Muna.
 10264 | D:9      | Found a broken altar of Ashenzari.
 10264 | D:9      | Found a hazy altar of Hepliaklqana.
 10271 | D:9      | Became a worshipper of Sif Muna the Loreminder
 10654 | D:10     | Entered Level 10 of the Dungeon
 11074 | D:10     | Reached skill level 10 in Fire Magic
 11255 | D:10     | Found a runed translucent door.
 11255 | D:10     | Found a runed translucent door.
 11255 | D:10     | Noticed an orc knight
 11255 | D:10     | Noticed a boulder beetle
 11324 | D:10     | Noticed a deep elf archer
 11539 | D:11     | Noticed a centaur warrior
 11812 | D:11     | Noticed a cyclops
 11824 | D:11     | Killed a cyclops
 11825 | D:11     | Reached skill level 10 in Spellcasting
 11973 | D:11     | Identified a scroll of acquirement
 11973 | D:11     | Acquired a +2 buckler of protection
 12260 | D:7      | Bought the ring of the Mage {Wiz Archmagi} for 561 gold
                  | pieces
 12260 | D:7      | Found the ring of the Mage {Wiz Archmagi}
 12260 | D:7      | Bought a ring of poison resistance for 220 gold pieces
 12312 | Lair:1   | Entered Level 1 of the Lair of Beasts
 12472 | Lair:1   | Reached skill level 1 in Polearms
 12946 | Lair:1   | You fall into a shaft and drop 1 floor!
 13156 | Lair:2   | Noticed Gastronok
 13157 | Lair:2   | Reached * piety under Sif Muna
 13713 | Lair:1   | Reached XP level 12. HP: 72/72 MP: 19/26
 14128 | D:7      | Learned a level 3 spell: Swiftness
 14459 | Lair:3   | Noticed a death yak
 14459 | Lair:3   | Noticed a death yak
 14459 | Lair:3   | Noticed a death yak
 14459 | Lair:3   | Found a staircase to the Shoals.
 14461 | Lair:3   | Noticed a death yak
 14463 | Lair:3   | Noticed a death yak
 14472 | Lair:3   | Reached skill level 1 in Invocations
 14475 | Lair:3   | Reached skill level 1 in Air Magic
 15195 | Lair:2   | Noticed Nergalle
 15202 | Lair:2   | Killed Nergalle
 15379 | Lair:2   | Reached ** piety under Sif Muna
 16569 | Lair:2   | Found a hole to the Spider Nest.
 17209 | Lair:2   | Killed Gastronok
 17576 | Lair:2   | Killed a death yak
 18153 | Lair:3   | Slain by a torpor snail

Illustrated notes

Levels and vault maps discovered:
D:1:      tarquinn_simple_flora_water_d, layout_basic, serial_curves,
          eino_curves_04, eino_curves_04, minmay_misc_feat_columns,
          minmay_box_of_dots
D:2:      layout_loops_cross, chequers_ecumenical_altar_lobes, dk_vineyard_3
D:3:      layout_basic, minivault_27, uniq_jessica, uniq_natasha, uniq_sigmund
D:4:      layout_basic, serial_bayou_lagoon_a
D:5:      layout_loops_ring, minmay_temple_entry_wispy, grunt_ministairs_13,
          st_stairs_7, uniq_ijyb
D:6:      layout_basic, mainiacjoe_overflow_catwalk, uniq_eustachio
D:7:      layout_loops_ring, mainiacjoe_overflow_catch_the_wave, serial_shops,
          nicolae_lakefront_shop, nicolae_wooded_promenade,
          chequers_serial_rivers_room_b
D:8:      layout_basic, erik_lair_orcish_takeover, hangedman_ranch
D:9:      layout_loops_ring, grunt_temple_overflow_open, enter_bailey_3,
          nrook_pool_corridor
D:10:     minmay_the_grid_triangle_9x9_rhombus_thin
          [minmay_the_grid_triangle_9x9_skeleton,
          minmay_the_grid_triangle_9x9_prize_schism,
          minmay_the_grid_triangle_9x9_checkered,
          minmay_the_grid_triangle_9x9_tough_junction], layout_stronghold,
          hangedman_abyss_or_decor_stagger, kennysheep_just_a_vault
D:11:     layout_gridville, hellmonk_guarded_unrand_lears
Temple:   regret_index_temple_generic_petals
Lair:1:   layout_cave_pods, serial_bayou_shore_b
Lair:2:   layout_layer_cave, spider_nest_entry_funnel_web, serial_bayou_pond_d,
          uniq_nergalle, uniq_gastronok
Lair:3:   layout_gridlike, minmay_shoals_entry_beasts, grunt_megastairs_4,
          infiniplex_staircase_pool_2

Skill      XL: |  1  2  3  4  5  6  7  8  9 10 11 12 |
---------------+-------------------------------------+-----
Stealth        | 4 5 6 7 |  7.4
Spellcasting   | 3 4 6 7 9 10 11 | 11.8
Conjurations   | 2 3 4 5 7 |  7.6
Fire Magic     | 4 5 6 8 9 10 11 | 11.9
Dodging        | 3 4 |  4.0
Fighting       | 1 2 3 |  3.2
Short Blades   | 1 2 |  2.6
Hexes          | 1 2 |  2.8
Polearms       | 1 |  1.4
Invocations    | 4 |  4.0
Air Magic      | 3 |  3.7
Throwing       | |  0.3
Evocations     | |  0.2

Action                   |  1- 3 |  4- 6 |  7- 9 | 10-12 || total
-------------------------+-------+-------+-------+-------++-------
Melee: Unarmed           |     5 |       |       |       ||     5
       Constrict         |     5 |     7 |     8 |     5 ||    25
       Tentacles         |     4 |     8 |    15 |     3 ||    30
       Dagger            |     1 |       |       |       ||     1
       Short sword       |     8 |    27 |    38 |     5 ||    78
       Glaive            |       |       |       |    16 ||    16
       Punch             |       |       |       |     1 ||     1
Throw: Dart              |       |       |       |     2 ||     2
       Throwing net      |       |       |       |     1 ||     1
 Cast: Foxfire           |    36 |    21 |   142 |   257 ||   456
       Scorch            |       |     5 |    52 |   126 ||   183
       Conjure Flame     |       |       |     4 |     4 ||     8
       Inner Flame       |       |       |     2 |    26 ||    28
       Flame Wave        |       |       |     3 |    14 ||    17
       Swiftness         |       |       |       |     3 ||     3
Invok: Channel Magic     |       |       |       |     1 ||     1
Evoke: Lightning rod     |       |       |       |     3 ||     3
       Wand              |       |       |       |     2 ||     2
  Use: Potion            |     1 |       |     5 |     8 ||    14
       Scroll            |       |       |    10 |    24 ||    34
 Stab: Sleeping          |     2 |     5 |     6 |     8 ||    21
Armor: Skin              |     1 |     2 |     4 |    12 ||    19
Dodge: Dodged            |    30 |    11 |    64 |    78 ||   183

Table legend: (Time is in decaauts)
 A = Elapsed time spent in this place.
 B = Non-inter-level travel time spent in this place.
 C = Inter-level travel time spent in this place.
 D = Time resting spent in this place.
 E = Time spent auto-exploring this place.
 F = Levels seen in this place.
 G = Mean time per level.
                   A        B        C        D        E       F      G
               +--------+--------+--------+--------+--------+-----+--------+
         Total |  18171 |  17553 |    618 |   1769 |  11683 |  16 | 1135.7 |
       Dungeon |  11780 |  11278 |    502 |    667 |   7817 |  11 | 1070.9 |
        Temple |    223 |    209 |     14 |      0 |    173 |   1 |  223.0 |
          Lair |   5632 |   5531 |    101 |   1102 |   3309 |   3 | 1877.3 |
        Bailey |    535 |    535 |      0 |      0 |    384 |   1 |  535.0 |
               +--------+--------+--------+--------+--------+-----+--------+

Top non-repeatable levels by time:
  Lair:2: 3287 daAuts
  Lair:1: 1628 daAuts
     D:4: 1528 daAuts
     D:8: 1520 daAuts
     D:2: 1359 daAuts
     D:7: 1152 daAuts
     D:3: 1126 daAuts
     D:5: 1086 daAuts
     D:1: 928 daAuts
    D:11: 869 daAuts
     D:9: 859 daAuts
  Lair:3: 716 daAuts
    D:10: 696 daAuts
     D:6: 651 daAuts
  Bailey: 535 daAuts
